 Dungeon Crawl Stone Soup version 0.19-a0-811-gf4045fb (webtiles) character file.

60 Duskembrace the Insei (level 3, 0/29 HPs)
             Began as a Demonspawn Monk on June 28, 2016.
             Slain by a hound (1 damage)
             ... on level 3 of the Dungeon.
             The game lasted 00:04:21 (2175 turns).

Duskembrace the Insei (Demonspawn Monk)             Turns: 2175, Time: 00:04:22

Health: 0/29       AC:  2    Str: 11    XL:     3   Next: 80%
Magic:  3/3        EV: 14    Int: 11    God:
Gold:   82         SH:  0    Dex: 18    Spells: 0 memorised, 2 levels left

rFire  . . .     SeeInvis .       - Unarmed
rCold  . . .     Gourm    .     a - +0 robe
rNeg   . . .     Faith    .     (no shield)
rPois  .         Spirit   .     (no helmet)
rElec  .         Dismiss  .     (no cloak)
rCorr  .         Reflect  .     (no gloves)
SustAt .         Harm     .     (no boots)
MR     .....                    (no amulet)
Stlth  +++.......               (no ring)
                                (no ring)

@: not resistant to hostile enchantments, fairly stealthy
A: thin skeletal structure 1
a: no special abilities


You were on level 3 of the Dungeon.
You were hungry.

You visited 1 branch of the dungeon, and saw 4 of its levels.

You collected 82 gold pieces.

Inventory:

Armour
 a - a +0 robe (worn)
 d - a +0 shield
Jewellery
 e - an uncursed ring of magical power {unknown}
 f - a +3 ring of intelligence {unknown}
 h - an uncursed amulet of regeneration {unknown}
Scrolls
 j - a scroll of random uselessness {unknown}
 k - a scroll of remove curse {unknown}
 o - a scroll of identify {unknown}
Potions
 c - a potion of lignification {unknown}
 i - a potion of haste {unknown}
 l - a potion of might {unknown}
 n - a potion of magic {unknown}
Comestibles
 b - 3 bread rations
 g - 2 meat rations
 m - 4 chunks of flesh


   Skills:
 - Level 3.0 Fighting
 + Level 3.3 Dodging
 + Level 2.5 Stealth
 + Level 3.4 Unarmed Combat


You had 2 spell levels left.
You didn't know any spells.

Dungeon Overview and Level Annotations

Branches:
Dungeon (4/15)
 Temple: D:4-7

Altars:


Innate Abilities, Weirdness & Mutations

You have a somewhat thin skeletal structure. (Dex +2, Stealth)


Message History

You completely miss the hound.
The hound is lightly wounded.
The hound closely misses you. The hound barely misses you.
You hit the hound.
The hound is moderately wounded.
The hound misses you.
You hit the hound.
The hound is moderately wounded.
The hound bites you but does no damage. The hound bites you.
* * * LOW HITPOINT WARNING * * *
You hit the hound.
The hound is severely wounded.
The hound closely misses you.
You hit the hound. Your punch misses the hound.
The hound is almost dead.
The hound closely misses you.
You hit the hound.
The hound is almost dead.
The hound bites you.
You die...

.# ### .# . .. .#
.##.# #.# . ....
.. . .. #.. .# .#.
...##..###.# ....
#......#@# #g.#
#..#...h###...#
#......#.#.#.<##
#..............#
#...?..#...g..S##
..........>.......
##.###.........w.#
#. #####.......# #
#.#...###


You could see a hound.

Vanquished Creatures
  An adder (D:2)
  A worm (D:1)
  A dart slug (D:1)
  A giant gecko (D:1)
  An orc (D:4)
  A ball python (D:2)
  3 bats
  A giant cockroach (D:1)
  3 goblins (D:1)
  5 hobgoblins
  4 jackals (D:2)
  A quokka (D:2)
  6 giant newts
  7 kobolds
  7 rats
43 creatures vanquished.

Notes
Turn   | Place    | Note
--------------------------------------------------------------
     0 | D:1      | Duskembrace the Demonspawn Monk began the quest for the Orb.
     0 | D:1      | Reached XP level 1. HP: 18/18 MP: 1/1
   624 | D:1      | Gained mutation: You have a somewhat thin skeletal structure. (Dex +2, Stealth) [demonic ancestry]
   624 | D:1      | Reached XP level 2. HP: 9/24 MP: 2/2
  1547 | D:2      | Reached XP level 3. HP: 17/29 MP: 3/3
  1922 | D:2      | Found a faded altar of an unknown god.
  2149 | D:2      | You fall through a shaft for 2 floors!
  2172 | D:3      | HP: 1/29 [hound (6)]
  2175 | D:3      | Slain by a hound

Vault maps used:
D:1:      dpeg_arrival_brainrot, st_stairs_8, grunt_decor_mini_mirrors
D:2:      first_bread, ecumenical_altar_1, minivault_26
D:3:      lemuel_zombie_altar_kikubaaqudgha, minmay_surrounded
D:4:      marbit_many_paths, johnstein_pakellas_shop, overflow_temple_1_default

Skill      XL: |  1  2 |
---------------+-------+-----
Stealth        | 2 |  2.5
Dodging        | 3 |  3.3
Unarmed Combat | 3 |  3.4
Fighting       | |  3.0

Action                   || total
-------------------------++-------
Melee: Unarmed           ||   166
       Punch             ||     4
 Stab: Sleeping          ||     7
  Eat: Chunk             ||     2
       Pizza             ||     1
Armor: Robe              ||    23
Dodge: Dodged            ||    99
